AoeStats
← osaka717

Arena

510519812Analyzed
1v1 RM · 2d ago on Oct 1, 2026· 42m 10s· 2 players
Game mode
Random Map
Map size
Tiny (2 player)
Population
200
Speed
Normal
Resources
Standard
Victory
Conquest
Starting age
Dark Age
Ending age
Imperial Age
RankedLock teamsTeams togetherTeam positionsShared explorationLock speedFull tech treeHidden civsTurbo modeCheats
Victory
Defeat
🇨🇱 Ethiopians · Chile
837
+17
🇦🇷 Celts · Argentina
868
-17
osaka717
10:25 Feudal Age
15:27 Castle Age
14:54 Double-Bit Axe
14:52 Horse Collar
22:47 Scale Mail Armor
26:23 Chain Mail Armor
26:11 Squires
26:54 Fletching
29:24 Heavy Plow
29:38 Bow Saw
29:22 Gold Mining
29:23 Stone Mining
29:15 Man-at-Arms
29:41 Arson
30:32 Forging
35:07 Imperial Age
34:42 Iron Casting
34:54 Town Watch
35:38 Thumb Ring
35:01 Crossbowman
35:45 Arbalester
38:21 Blast Furnace
37:52 Plate Mail Armor
42:05 Bodkin Arrow
Bre22
8:02 Loom
10:29 Feudal Age
11:38 Double-Bit Axe
15:15 Castle Age
13:23 Gold Mining
15:06 Scale Mail Armor
14:30 Man-at-Arms
17:00 Gambesons
16:35 Long Swordsman
21:17 Horse Collar
22:09 Forging
Connection lost

Rejoining the realm…

Still unreachable

The connection could not be restored.

Session expired

The server has moved on; the page needs a fresh start.